 Dungeon Crawl Stone Soup version 0.21.1-1-g345015f (webtiles) character file.

3982 Khaydri the Cleaver (level 10, -7/88 HPs)
             Began as a Minotaur Fighter on June 14, 2018.
             Killed from afar by an electric eel (8 damage)
             ... with a bolt of electricity
             ... on level 8 of the Dungeon.
             The game lasted 00:44:31 (7327 turns).

Khaydri the Cleaver (Minotaur Fighter)              Turns: 7327, Time: 00:44:31

Health: -7/88      AC: 18    Str: 24    XL:     10   Next: 2%
Magic:  9/9        EV: 15    Int:  5    God:
Gold:   285        SH: 11    Dex: 10    Spells: 9/9 levels left

rFire    . . .     SeeInvis .   g - +1 broad axe
rCold    . . .     Gourm    .   c - +0 shield
rNeg     . . .     Faith    .   H - +0 scale mail
rPois    .         Spirit   .   x - +0 hat
rElec    .         Reflect  .   Q - +0 cloak
rCorr    .         Harm     .   J - +2 pair of gloves
MR       .....                  l - +2 pair of boots
Stlth    ..........             j - amulet of rage
HPRegen  0.24/turn              R - +3 ring of protection
MPRegen  0.11/turn              S - +5 ring of evasion

@: invisible
A: retaliatory headbutt, horns 2
a: Evoke Berserk Rage


You were on level 8 of the Dungeon.
You were not hungry.

You visited 2 branches of the dungeon, and saw 8 of its levels.

You collected 381 gold pieces.
You spent 96 gold pieces at shops.

Inventory:

Hand Weapons
 a - a +0 war axe
 b - a +0 halberd of venom
 g - a +1 broad axe (weapon)
 i - a +0 dagger
 r - the +4 morningstar of a bazaar {holy, rC+++, unknown}
   (You found it on level 6 of the Dungeon)

   It has been blessed by the Shining One to cause great damage to the undead
   and demons.
   It renders you almost immune to cold.
 B - a +0 blowgun
 C - a +0 short sword
 G - a +0 dagger of holy wrath
 T - a +0 shortbow
Missiles
 e - 81 arrows
 v - 3 curare-tipped needles
 z - 39 bolts
 D - 21 poisoned needles
Armour
 c - a +0 shield (worn)
 l - a +2 pair of boots (worn)
 m - a +2 robe of the Archmagi
 s - the +1 leather armour of Knowledge {MR++ rCorr Int+2}
   (You found it on level 6 of the Dungeon)

   It affects your intelligence (+2).
   It affects your resistance to hostile enchantments.
   It protects you from acid and corrosion.
 u - a cursed +0 robe
 x - a +0 hat (worn)
 F - a +1 leather armour of fire resistance
 H - a +0 scale mail (worn)
 J - a +2 pair of gloves (worn)
 Q - a +0 cloak (worn)
Jewellery
 j - an amulet of rage (around neck)
 n - a -4 ring of dexterity
 o - a +2 ring of evasion
 N - a cursed amulet of inaccuracy
 R - a +3 ring of protection (left hand)
 S - a +5 ring of evasion (right hand)
Scrolls
 h - a scroll of fog
 p - 2 scrolls of remove curse
 q - a scroll of immolation
 w - a scroll of noise
 y - 3 scrolls of blinking
 K - 3 scrolls of teleportation
 L - a scroll of enchant armour {unknown}
 P - a scroll of amnesia {unknown}
Potions
 d - a potion of might
 t - a potion of cancellation
 A - a potion of degeneration
 E - 2 potions of haste {unknown}
 I - a potion of berserk rage {unknown}
 O - 2 potions of resistance {unknown}
Books
 M - a book of Misfortune

   Spells                             Type                      Level
   a - Confusing Touch                Hexes                        1
   b - Confuse                        Hexes                        3
   c - Gell's Gravitas                Translocation                3
   d - Petrify                        Transmutation/Earth          4
   e - Metabolic Englaciation         Hexes/Ice                    5
   f - Yara's Violent Unravelling     Hexes/Transmutation          5
Comestibles
 f - 11 rations


   Skills:
 + Level 7.8 Fighting
 + Level 10.5(11.0) Axes
 * Level 5.0(8.5) Polearms
 + Level 0.1 Throwing
 + Level 6.7 Armour
 + Level 4.8 Dodging
 + Level 0.8 Stealth
 + Level 8.1 Shields


You had 9 spell levels left.
You didn't know any spells.

Dungeon Overview and Level Annotations

Branches:
Dungeon (8/15)             Temple (1/1) D:5
   Lair: D:8-11

Altars:
Ashenzari
Cheibriados
Elyvilon
Gozag
Hepliaklqana
Kikubaaqudgha
Makhleb
Okawaru
Qazlal
Ru
Sif Muna
Uskayaw
Vehumet
Wu Jian
Xom
Yredelemnul

Shops:
D:6 ?


Innate Abilities, Weirdness & Mutations

You reflexively headbutt those who attack you in melee.
You have a pair of horns on your head.


Message History

The electric eel is almost dead.
The electric eel shoots out a bolt of lightning at you!
The bolt of electricity hits you! x2
You closely miss the electric eel.
The electric eel is almost dead.
The electric eel shoots out a bolt of lightning at you!
The bolt of electricity hits you! The bolt of electricity misses you.
You closely miss the electric eel.
The electric eel is almost dead.
The electric eel shoots out a bolt of lightning at you!
The bolt of electricity hits you!
* * * LOW HITPOINT WARNING * * *
The bolt of electricity hits you!
* * * LOW HITPOINT WARNING * * *
You fade into invisibility!
The electric eel shoots out a bolt of lightning at you!
The bolt of electricity hits you!
* * * LOW HITPOINT WARNING * * *
The bolt of electricity hits you!
You die...

########################
.........#...........>..
#.....................
#.≈≈≈@...|............
#.≈#≈;≈≈....##+#######
#..≈≈≈≈#≈≈≈≈.# #
#.≈≈≈#≈≈≈≈#≈.... #
#.≈#≈≈≈≈#≈≈≈..... #
...≈≈≈≈#≈≈≈≈..#...# #
..≈≈≈#≈≈≈≈#≈.####'#
#.≈#≈≈≈≈#≈≈≈.# ..


You could see an electric eel.

Vanquished Creatures
  Grinder (D:3)
  A yak (D:7)
  3 hogs (D:7)
  A human (D:7)
  The ghost of babuloseo the Magician, an amateur HuWz (D:3)
  Duvessa (D:5)
  A sky beast (D:8)
  A black bear (D:8)
  2 orc warriors
  3 phantoms
  An ogre (D:6)
  A centaur (D:5)
  3 bullfrogs (D:7)
  Dowan (D:5)
  3 scorpions
  4 killer bees (D:7)
  A howler monkey (D:8)
  3 crimson imps (D:5)
  A centaur zombie (D:6)
  3 jellies (D:3)
  11 orc priests
  A gnoll shaman (D:5)
  2 hounds
  7 orc wizards
  A bullfrog skeleton (D:6)
  Natasha (D:2)
  An iguana (D:6)
  2 worker ants
  A killer bee zombie (D:7)
  A hound zombie (D:5)
  A hound skeleton (D:7)
  9 gnolls (D:5)
  14 adders
  3 shadow imps
  8 oozes (D:3)
  An adder skeleton (D:8)
  4 worms
  A dart slug (D:1)
  10 leopard geckos
  27 orcs
  3 ball pythons
  6 giant cockroaches
  12 goblins
  12 hobgoblins
  11 jackals
  12 kobolds
  2 quokkas
  6 bats
  4 frilled lizards
  2 jackal skeletons
  A leopard gecko skeleton (D:5)
  A leopard gecko zombie (D:6)
  8 rats
  5 fungi (D:3)
  A plant (D:1)
228 creatures vanquished.

Vanquished Creatures (others)
  8 toadstools (D:3)
8 creatures vanquished.

Grand Total: 236 creatures vanquished

Notes
Turn   | Place    | Note
-------+----------+-------------------------------------------
     0 | D:1      | Khaydri the Minotaur Fighter began the quest for the Orb.
     0 | D:1      | Reached XP level 1. HP: 19/19 MP: 0/0
   152 | D:1      | Reached XP level 2. HP: 27/27 MP: 1/1
   540 | D:1      | Reached XP level 3. HP: 33/33 MP: 2/2
   945 | D:2      | Reached skill level 3 in Axes
  1018 | D:2      | Found a shimmering altar of Xom.
  1024 | D:2      | Found a shimmering altar of Xom.
  1027 | D:2      | Found a shimmering altar of Xom.
  1027 | D:2      | Found a shimmering altar of Xom.
  1133 | D:2      | Reached XP level 4. HP: 40/40 MP: 3/3
  1449 | D:2      | Reached skill level 1 in Dodging
  1507 | D:2      | Noticed Natasha
  1518 | D:2      | Killed Natasha
  1691 | D:2      | Reached XP level 5. HP: 46/46 MP: 4/4
  1705 | D:2      | Reached skill level 4 in Axes
  1894 | D:3      | Reached skill level 5 in Shields
  2250 | D:3      | Reached skill level 5 in Axes
  2483 | D:3      | Noticed babuloseo's ghost (amateur HuWz)
  2493 | D:3      | Killed babuloseo's ghost
  2493 | D:3      | Reached XP level 6. HP: 53/53 MP: 5/5
  2562 | D:3      | Reached XP level 7. HP: 36/60 MP: 6/6
  2715 | D:3      | Found an opulent altar of Gozag.
  2717 | D:3      | Found an ancient bone altar of Kikubaaqudgha.
  2756 | D:3      | Noticed Grinder
  2771 | D:3      | Paralysed by Grinder for 6 turns
  2794 | D:3      | Killed Grinder
  2794 | D:3      | Reached skill level 5 in Fighting
  2794 | D:3      | Reached skill level 6 in Axes
  3054 | D:3      | Reached skill level 5 in Armour
  3232 | D:3      | Found a snail-covered altar of Cheibriados.
  3415 | D:3      | You fall through a shaft for 2 floors!
  3415 | D:5      | Entered Level 5 of the Dungeon
  3424 | D:5      | Reached skill level 7 in Axes
  3518 | D:5      | Reached XP level 8. HP: 64/69 MP: 7/7
  3568 | D:5      | Found a staircase to the Ecumenical Temple.
  3578 | Temple   | Entered the Ecumenical Temple
  4696 | D:5      | Reached skill level 8 in Axes
  4781 | D:5      | Noticed Duvessa
  4782 | D:5      | Noticed Dowan
  4787 | D:5      | Killed Duvessa
  4792 | D:5      | Killed Dowan
  5193 | D:6      | Found Atoseqew's Magic Scroll Shoppe.
  5196 | D:6      | Bought a scroll of identify for 24 gold pieces
  5196 | D:6      | Bought a scroll of identify for 24 gold pieces
  5196 | D:6      | Bought a scroll of identify for 24 gold pieces
  5196 | D:6      | Bought a scroll of identify for 24 gold pieces
  5256 | D:6      | Reached skill level 1 in Polearms
  5450 | D:6      | Got a dazzling morningstar
  5455 | D:6      | Got a distressingly furry leather armour
  5479 | D:6      | Reached XP level 9. HP: 78/78 MP: 8/8
  5919 | D:6      | Reached skill level 9 in Axes
  6370 | D:7      | Identified the cursed +1 leather armour of Knowledge {MR++ rCorr Int+2} (You found it on level 6 of the Dungeon)
  6488 | D:7      | Found an ornate altar of the Wu Jian Council.
  7029 | D:7      | Reached skill level 10 in Axes
  7232 | D:8      | Reached XP level 10. HP: 88/88 MP: 9/9
  7294 | D:8      | Reached skill level 5 in Polearms
  7327 | D:8      | HP: 1/88 [electric eel/bolt of electricity (10)]
  7327 | D:8      | Killed from afar by an electric eel

Skill      XL: |  1  2  3  4  5  6  7  8  9 10 |
---------------+-------------------------------+-----
Shields        | 4 5 6 7 8 |  8.1
Fighting       | 4 5 6 7 |  7.8
Armour         | 4 5 6 |  6.7
Axes           | 3 5 7 8 10 | 10.5
Dodging        | 1 2 3 4 |  4.8
Polearms       | 1 4 5 |  5.0
Throwing       | |  0.1
Stealth        | |  0.8

Action                   |  1- 3 |  4- 6 |  7- 9 | 10-12 || total
-------------------------+-------+-------+-------+-------++-------
Melee: War axe           |   106 |   117 |   161 |       ||   384
       Headbutt          |    13 |    20 |    49 |     3 ||    85
       Broad axe         |       |       |   180 |    12 ||   192
Throw: Stone             |       |     1 |     3 |       ||     4
  Use: Scroll            |     1 |     3 |    12 |       ||    16
       Potion            |       |     5 |       |     1 ||     6
  Eat: Chunk             |     1 |       |     7 |       ||     8
       Ration            |       |     1 |     3 |       ||     4
Armor: Scale mail        |    46 |    46 |   120 |       ||   212
Dodge: Dodged            |    37 |    49 |   158 |     5 ||   249
Block: Shield            |    70 |    55 |   201 |     4 ||   330
